 Dungeon Crawl Stone Soup version 0.17-a0-2220-g6fea741 (webtiles) character file.

68 kosy22 the Ducker (level 4, 0/42 HPs)
             Began as a Troll Warper on Oct 28, 2015.
             Succumbed to Crazy Yiuf's poison
             ... while paralysed by Crazy Yiuf
             ... on level 2 of the Dungeon.
             The game lasted 00:06:37 (1467 turns).

kosy22 the Ducker (Troll Warper)                    Turns: 1467, Time: 00:06:38

Health: 0/42       AC:  5    Str: 19    XL:     4   Next: 1%
Magic:  4/4        EV:  1    Int: 10    God:
Gold:   45         SH:  0    Dex:  9    Spells: 2 memorised, 2 levels left

rFire  . . .     SeeInvis .     n - staff of wizardry
rCold  . . .     Clarity  .     a - +0 robe
rNeg   . . .     SustAt   .     (no shield)
rPois  .         Gourm    +     (helmet restricted)
rElec  .         Spirit   .     (no cloak)
rCorr  .         Warding  .     (gloves unavailable)
rMut   .         Stasis   .     (boots unavailable)
MR     .....                    (no amulet)
Stlth  +.........               (no ring)
                                (no ring)

@: paralysed, lethally poisoned (0 -> -6), not resistant to hostile
enchantments, very unstealthy
A: unfitting armour, claws 3, fast metabolism 3, gourmand, regeneration 2,
shaggy fur 1, tough skin 2
a: no special abilities


You were on level 2 of the Dungeon.
You were not hungry.

You visited 1 branch of the dungeon, and saw 2 of its levels.

You collected 45 gold pieces.

Inventory:

Missiles
 d - 5 tomahawks of dispersal (quivered)
Armour
 a - a +0 robe (worn)
Magical Staves
 n - an uncursed staff of wizardry (weapon)
Scrolls
 c - a scroll of blinking
 f - 4 scrolls of identify
 k - 2 scrolls of remove curse {unknown}
 p - a scroll of recharging {unknown}
 q - a scroll of magic mapping {unknown}
Potions
 g - 2 potions of brilliance
 i - a potion of cancellation {unknown}
 j - a potion of invisibility {unknown}
Books
 b - a book of Spatial Translocations

   Spells                             Type                      Level
   a - Apportation                    Translocation                1
   b - Blink                          Translocation                2
   c - Shroud of Golubria             Charms/Translocation         2
   d - Portal Projectile              Translocation                3
   e - Teleport Other                 Translocation                3
   f - Passage of Golubria            Translocation                4
Comestibles
 e - a bread ration
 l - a beef jerky
 m - a fruit
 o - a meat ration


   Skills:
 + Level 1.9 Fighting
 + Level 0.1 Staves
 + Level 0.8 Throwing
 + Level 2.8 Dodging
 + Level 2.3 Unarmed Combat
 + Level 1.2 Spellcasting
 + Level 2.6 Translocations


You had 2 spell levels left.
You knew the following spells:

 Your Spells              Type           Power        Failure   Level  Hunger
a - Apportation           Tloc           #.........   6%          1    ##.....
b - Blink                 Tloc           N/A          9%          2    ###....


Dungeon Overview and Level Annotations

Branches:
Dungeon (2/15)

Altars:

Annotations:
D:2 Crazy Yiuf


Innate Abilities, Weirdness & Mutations

You are too large for most types of armour.
You have claws for hands.
Your metabolism is lightning-fast.
You like to eat raw meat.
You heal very quickly.
You are covered in fur (AC +1).
You have very tough skin (AC +2).


Message History

You feel sick.
Crazy Yiuf says, "Key testudinal agre!"
You feel sick.
You are no longer poisoned.
You see here a club.
Crazy Yiuf laughs, "Mountain foot unthinkable!"
Crazy Yiuf hits you with a quarterstaff of chaos!
You suddenly lose the ability to move!
Crazy Yiuf hits you with a quarterstaff of chaos.
You are poisoned.
You feel sick.
Crazy Yiuf hits you with a quarterstaff of chaos!
You are more poisoned.
You feel sick.
Crazy Yiuf laughs, "Fire!
Shadow sow shoe."
Crazy Yiuf hits you with a quarterstaff of chaos!
* * * LOW HITPOINT WARNING * * *
* * * LOW HITPOINT WARNING * * *
You feel sick.
You die...

#####...## #........#
#.####..## ############
#.# #....# ...........#
#.# #....# ##########.##
#.# #)..## ............#
#.# ##)##
.#########..##########.#
#)## .# #.....g@...##.#
##)# ## ##.#######.##.#
#g## #.# #.##.# ##)# #.#
#.##.# ##)## #)# #.##)#
#)))# #.# #.##.# #)ยง)#
#####.## #.##.# #).)#
#######.##.#.## #.##.#
#####
.....#.#..###.#####.##.#


You could see Crazy Yiuf.

Vanquished Creatures
  3 adders (D:2)
  A giant cockroach (D:1)
  12 goblins
  5 hobgoblins
  3 kobolds
  A ball python (D:2)
  9 bats
  3 giant newts
  6 rats
43 creatures vanquished.

Notes
Turn   | Place    | Note
--------------------------------------------------------------
     0 | D:1      | kosy22 the Troll Warper began the quest for the Orb.
     0 | D:1      | Reached XP level 1. HP: 19/19 MP: 1/1
   113 | D:1      | Reached XP level 2. HP: 25/27 MP: 2/2
   125 | D:1      | Learned a level 2 spell: Blink
   671 | D:2      | Reached XP level 3. HP: 35/35 MP: 3/3
  1261 | D:2      | Reached XP level 4. HP: 42/42 MP: 4/4
  1286 | D:2      | Noticed Crazy Yiuf
  1462 | D:2      | Paralysed by Crazy Yiuf for 6 turns
  1465 | D:2      | HP: 2/42 [Crazy Yiuf/quarterstaff of chaos (15)]
  1467 | D:2      | Succumbed to Crazy Yiuf's poison

Vault maps used:
D:1:      wheals_arrival_shading
D:2:      uniq_crazy_yiuf_cottage

Action                   |  1- 3 |  4- 6 || total
-------------------------+-------+-------++-------
Melee: Unarmed           |    75 |       ||    75
       Staff             |    80 |    14 ||    94
 Cast: Apportation       |     2 |       ||     2
       Blink             |       |     6 ||     6
  Use: Scroll            |     3 |       ||     3
       Potion            |     1 |     1 ||     2
  Eat: Bread ration      |     2 |       ||     2
       Chunk             |     1 |       ||     1
       Fruit             |     3 |       ||     3
